 Dungeon Crawl Stone Soup version 0.19.0 (webtiles) character file.

119 Bsssss the Ducker (level 5, -7/42 HPs)
             Began as a Merfolk Monk on Nov 1, 2016.
             Was a Believer of Makhleb.
             Killed by divine providence
             ... invoked by an orc priest
              (10 damage)
             ... on level 3 of the Dungeon.
             The game lasted 00:12:41 (2650 turns).

Bsssss the Ducker (Merfolk Monk)                    Turns: 2650, Time: 00:12:42

Health: -7/42      AC:  2    Str: 11    XL:     5   Next: 3%
Magic:  5/5        EV: 16    Int:  9    God:    Makhleb [**....]
Gold:   81         SH:  0    Dex: 18    Spells: 0 memorised, 4 levels left

rFire  . . .     SeeInvis .       - Unarmed
rCold  . . .     Gourm    .     a - +0 robe
rNeg   . . .     Faith    .     (no shield)
rPois  .         Spirit   .     (no helmet)
rElec  .         Reflect  .     (no cloak)
rCorr  .         Harm     .     (no gloves)
MR     .....                    (no boots)
Stlth  +++.......               (no amulet)
                                (no ring)
                                y - ring of stealth

@: flying
A: change form in water, swift swim, stealthy swim
a: Minor Destruction, Renounce Religion


You were on level 3 of the Dungeon.
You worshipped Makhleb.
Makhleb was pleased with you.
You were not hungry.

You visited 1 branch of the dungeon, and saw 3 of its levels.

You collected 81 gold pieces.

Inventory:

Missiles
 c - 12 arrows
 g - 43 sling bullets
 h - 54 stones (quivered)
 k - 26 bolts
 u - 14 poisoned needles
 w - 5 tomahawks
Armour
 a - a +0 robe (worn)
 d - a cursed +0 ring mail
 l - +0 fire dragon scales
Jewellery
 y - a ring of stealth (left hand)
Scrolls
 q - 3 scrolls of identify {unknown}
 r - a scroll of recharging {unknown}
 s - a scroll of teleportation {unknown}
 t - a scroll of enchant weapon {unknown}
 v - a scroll of noise {unknown}
Potions
 e - a potion of mutation {unknown}
 f - a potion of brilliance {unknown}
 j - a potion of magic {unknown}
 m - a potion of lignification {unknown}
 n - a potion of ambrosia {unknown}
 o - a potion of curing {unknown}
 x - a potion of flight
 z - a potion of cancellation {unknown}
Comestibles
 b - 2 bread rations
 i - 2 meat rations


   Skills:
 + Level 4.2 Fighting
 * Level 5.7 Dodging
 - Level 2.1 Stealth
 + Level 4.1 Unarmed Combat
 + Level 0.4 Invocations


You had 4 spell levels left.
You didn't know any spells.

Dungeon Overview and Level Annotations

Branches:
Dungeon (3/15)

Altars:
Makhleb
Trog


Message History

Okay, then.
Okay, then.
You hit the orc but do no damage. The orc closely misses you.
You hit the orc.
The orc is heavily wounded.
The frilled lizard hisses.
The orc hits you with a mace.
* * * LOW HITPOINT WARNING * * *
You hit the orc.
The orc is almost dead.
The orc priest casts a cantrip, but nothing happens.
You hit the orc.
You kill the orc!
Makhleb accepts your kill.
You hit the orc priest but do no damage.
The orc priest completely misses you.
You hit the orc priest but do no damage.
The orc priest invokes the aid of Beogh against you.
Beogh smites you!
You die...

#..)....... #...###..........
.....######..####..........######
#.#........................# #
#.##.######..####..........######
#.# .# ##.#####.........#.....
#.. .+ .................#.....
### .# ###.####.####.#.##..###
### .# ..#................. ...
######.#@#.#####........# ...
.......#o#[............## ...
.o......l#............... ###
..o......#.###########.##
.oo.$....#.# #.## $......#...#
#.## .......#...# #########.#.
#########..# #........... ..>#
#..........#


You could see an orc priest and a frilled lizard.

Vanquished Creatures
  4 adders
  A dart slug (D:2)
  3 leopard geckos
  8 orcs (D:3)
  3 giant cockroaches
  5 goblins
  4 hobgoblins
  9 jackals
  A quokka (D:2)
  3 ball pythons
  8 bats
  3 frilled lizards (D:3)
  7 kobolds
  7 rats
66 creatures vanquished.

Notes
Turn   | Place    | Note
-------+----------+-------------------------------------------
     0 | D:1      | Bsssss the Merfolk Monk began the quest for the Orb.
     0 | D:1      | Reached XP level 1. HP: 18/18 MP: 1/1
   220 | D:1      | Reached XP level 2. HP: 24/24 MP: 2/2
   695 | D:2      | Reached XP level 3. HP: 16/30 MP: 3/3
   906 | D:2      | Reached skill level 5 in Dodging
  1024 | D:2      | Reached XP level 4. HP: 20/37 MP: 4/4
  1756 | D:2      | Found a burning altar of Makhleb.
  1862 | D:2      | Became a worshipper of Makhleb the Destroyer
  1862 | D:2      | Reached * piety under Makhleb
  1862 | D:2      | Reached ** piety under Makhleb
  2014 | D:3      | Found a bloodstained altar of Trog.
  2644 | D:3      | Reached XP level 5. HP: 7/42 MP: 5/5
  2646 | D:3      | HP: 2/42 [orc/mace (5)]
  2650 | D:3      | Killed from afar by an orc priest

Skill      XL: |  1  2  3  4 |
---------------+-------------+-----
Dodging        | 5 |  5.7
Fighting       | 4 |  4.2
Unarmed Combat | 4 |  4.1
Stealth        | |  2.1
Invocations    | |  0.4

Action                   |  1- 3 |  4- 6 || total
-------------------------+-------+-------++-------
Melee: Unarmed           |   120 |   135 ||   255
       Punch             |       |     2 ||     2
Invok: Minor Destruction |       |     4 ||     4
  Use: Potion            |       |     1 ||     1
 Stab: Sleeping          |     3 |     2 ||     5
  Eat: Chunk             |       |     6 ||     6
Armor: Robe              |    22 |    15 ||    37
Dodge: Dodged            |   119 |    82 ||   201
